 Dungeon Crawl Stone Soup version 0.30-a0-696-g2367cd04db (webtiles) character file.

Game seed: 13955136264936073430

5059 Dittersdorf the Fighter (level 10, -9/66 HPs)
             Began as a Gargoyle Fighter on Jan 18, 2023.
             Was an Elder of Okawaru.
             Killed by an exploding wight (20 damage)
             ... ignited by their inner flame
             ... on level 8 of the Dungeon on Jan 20, 2023.
             The game lasted 00:10:31 (6207 turns).

Dittersdorf the Fighter (Gargoyle Fighter)          Turns: 6207, Time: 00:10:31

Health: -9/66      AC: 27    Str: 24    XL:     10   Next: 56%
Magic:  8/10       EV: 10    Int:  9    God:    Okawaru [****..]
Gold:   328        SH:  7    Dex:  9    Spells: 9/9 levels left

rFire   . . .      SeeInvis .    n - +7 Throatcutter {drain, coup de grace}
rCold   . . .      Faith    .    c - +0 buckler
rNeg    + . .      Spirit   .    f - +0 chain mail
rPois   ∞          Reflect  .    C - +1 helmet
rElec   +          Harm     .    B - +0 cloak
rCorr   .          Rampage  .    (no gloves)
Will    .....                    u - +1 pair of boots Stlth
                                 j - amulet of the acrobat
HPRegen 0.31/turn                (no ring)
MPRegen 0.12/turn                (no ring)

@: heroic
A: sickness immunity, AC +7, negative energy resistance 1, electricity
resistance, torment resistance 1, petrification resistance
a: Renounce Religion, Heroism, Finesse


You were on level 8 of the Dungeon.
You worshipped Okawaru.
Okawaru was greatly pleased with you.
You visited 2 branches of the dungeon, and saw 9 of its levels.

You collected 328 gold pieces.

Inventory:

Hand Weapons
 a - a +1 flail
 n - the +7 Throatcutter (weapon) {drain, coup de grace}
   (You took it off Terence on level 3 of the Dungeon)
Armour
 c - a +0 buckler (worn)
 f - a +0 chain mail (worn)
 u - a +1 pair of boots (worn)
 B - a +0 cloak (worn)
 C - a +1 helmet (worn)
Jewellery
 j - an amulet of the acrobat (around neck)
Wands
 s - a wand of digging (13)
 t - a wand of quicksilver (16)
 A - a wand of roots (7)
Scrolls
 e - 7 scrolls of identify
 h - 2 scrolls of enchant armour
 i - a scroll of amnesia
 p - 2 scrolls of immolation
 q - a scroll of magic mapping
 v - a scroll of blinking
 w - a scroll of fog {unknown}
 y - a scroll of silence {unknown}
 E - a scroll of noise {unknown}
 G - a scroll of teleportation {unknown}
Potions
 b - a potion of berserk rage {unknown}
 d - 2 potions of might
 l - 7 potions of flight
 m - 5 potions of curing
 r - 2 potions of heal wounds
 x - a potion of haste {unknown}
 z - a potion of mutation {unknown}
 D - 2 potions of resistance {unknown}
 F - a potion of degeneration {unknown}


   Skills:
 + Level 9.1(14.1) Fighting
 + Level 6.6(11.6) Long Blades
 - Level 2.8(7.8) Maces & Flails
 + Level 9.1(14.1) Armour
 + Level 9.1(14.1) Shields


You had 9 spell levels left.
You didn't know any spells.
Your spell library contained the following spells:

 Spells                   Type           Power      Damage    Failure   Level
 Blink                    Tloc           0%         N/A       97%         2
 Lesser Beckoning         Tloc           0%         N/A       97%         2
 Momentum Strike          Conj/Tloc      0%         3d8       97%         2
 Frozen Ramparts          Ice            0%         1d1       99%         3
 Hailstorm                Conj/Ice       0%         3d3       99%         3
 Vhi's Electric Charge    Tloc/Air       0%         N/A       99%         3
 Arcjolt                  Conj/Air       0%         1d10      100%        5
 Ozocubu's Refrigeration  Ice            0%         4d7       100%        7
 Maxwell's Capacitive Co  Air            0%         ∞         100%        8


Dungeon Overview and Level Annotations

Branches:
Dungeon (8/15)             Temple (1/1) D:4
   Lair: D:8-11

Altars:
Ashenzari
Dithmenos
Elyvilon
Fedhas
Gozag
Hepliaklqana
Makhleb
Nemelex Xobeh
Okawaru
Qazlal
Ru
Sif Muna
Trog
Uskayaw
Vehumet
Wu Jian
Xom
Zin
The Shining One

Shops:
D:4 =[([

Annotations:
D:8 Joseph


Innate Abilities, Weirdness & Mutations

You are immune to sickness and miasma.
Your stone body is resilient. (AC +7)
You are immune to poison.
You resist negative energy. (rN+)
You are resistant to electric shocks. (rElec)
You are resistant to unholy torment.
You are immune to petrification.


Message History

Flame seeps out of Maggie.
Maggie hits you but does no damage.
You writhe in agony.
The wight hits you but does no damage.
You hit Maggie but do no damage.
Maggie is heavily wounded.
Joseph hits you but does no damage. The yak barely misses you.
The orc misses you. The wight misses you.
Maggie is engulfed in blazing flames.
Flame seeps out of Maggie.
Maggie mumbles some strange words.
Maggie attempts to bespell you!
You are mesmerised by Maggie!
The wight barely misses you.
You hit Maggie.
Flame seeps out of Maggie.
Maggie is severely wounded.
Joseph hits you but does no damage. The yak closely misses you.
You block the orc's attack. The wight hits you but does no damage.
The wight hits you from afar with a +0 halberd.
Maggie is engulfed in blazing flames.
Flame seeps out of Maggie.
Maggie gestures at you while chanting. The bolt of fire hits you.
You hit Maggie but do no damage.
Maggie is almost dead.
You block Joseph's attack. You block the yak's attack.
You block the orc's attack. The wight hits you but does no damage.
The wight closely misses you.
Maggie is engulfed in blazing flames.
You break out of your daze!
Okawaru is honoured by your kill.
Maggie explodes!
The fiery explosion engulfs the yak!!
Flame seeps out of the yak.
The yak is heavily wounded.
The fiery explosion engulfs the orc!!
Okawaru accepts your kill.
The fiery explosion engulfs the wight!!!
Okawaru accepts your kill. The fiery explosion engulfs you!
* * * LOW HITPOINT WARNING * * *
The fiery explosion engulfs Joseph!!
Flame seeps out of Joseph.
Joseph is moderately wounded.
The wight explodes!
The fiery explosion engulfs you!!
You die...

,,,..................,,,,,.......
,,,,,....○○○§§§§§§○..,,,,,,......
,,,,,,,..○§§§☼§§○§§$,,,,,,,...###
,,,...,,#○○§○☼§§§☼#****,#<,......
,,......#§§○§§§§§§#####○#,,#.....
,,......#○○§☼§§§§§§○§○§§.,,*.....
**......#§§§○§z§○§§☼§§§§.,,,.....
*......##☼○☼☼☼§○§§☼§§§☼.........
**.......§☼§§☼zY@@§○☼§○§.........
,,.......○○☼§###§§§☼○○§§.........
,,.......§.....○☼#§§§§§☼.........
,,........#...○§§#####☼§.........
,,........#..§○§☼§.....§.....##..
,,..........○####§............#..
,*############ #§............#..
,* *,,,,,,,,* #○§.....(........
,****,,,,,,,,***#.......##.......


You could see Joseph (inner flame), a yak (inner flame) and 2 wights.

Vanquished Creatures
  A two-headed ogre (D:7)
  The ghost of soul19 the Ruffian, a novice TrFi of Qazlal (D:6)
  Maggie (D:8)
  A wyvern (D:7)
  2 yaks (D:8)
  2 steam dragons
  Edmund (D:5)
  4 water moccasins
  A black bear (D:6)
  Duvessa (D:7)
  2 sky beasts
  An orc warrior (D:6)
  2 ogres
  3 bullfrogs
  4 necrophages
  A gnoll sergeant (D:5)
  3 scorpions
  3 wights (D:8)
  Dowan (D:7)
  9 killer bees (D:7)
  A howler monkey (D:5)
  5 orc priests
  3 jellies
  Crazy Yiuf (D:6)
  A hound (D:5)
  Natasha (thrice) (D:4)
  Terence (D:3)
  3 iguanas
  5 orc wizards
  4 gnolls (D:5)
  12 adders
  2 shadow imps
  3 white imps
  An ufetubus (D:7)
  A worm (D:4)
  4 dart slugs
  17 orcs
  A bat (D:1)
  9 endoplasms
  2 giant cockroaches (D:3)
  4 goblins
  7 hobgoblins
  2 jackals (D:3)
  4 kobolds
  3 quokkas
  9 ball pythons
  3 frilled lizards
  4 rats
159 creatures vanquished.

Notes
Turn   | Place    | Note
-------+----------+-------------------------------------------
     0 | D:1      | Dittersdorf the Gargoyle Fighter began the quest for the
                  | Orb.
     0 | D:1      | Reached XP level 1. HP: 14/14 MP: 1/1
   269 | D:1      | Reached XP level 2. HP: 19/19 MP: 2/2
   429 | D:1      | Found a faded altar of an unknown god.
   833 | D:2      | Reached XP level 3. HP: 22/23 MP: 3/3
  1336 | D:3      | Noticed Terence
  1346 | D:3      | Killed Terence
  1347 | D:3      | Reached XP level 4. HP: 9/29 MP: 4/4
  1636 | D:3      | Reached XP level 5. HP: 33/33 MP: 5/5
  1800 | D:3      | Found a shadowy altar of Dithmenos.
  1983 | D:4      | Noticed Natasha
  1987 | D:4      | Killed Natasha
  1988 | D:4      | Reached skill level 1 in Long Blades
  2127 | D:4      | Noticed an ogre
  2132 | D:4      | Killed an ogre
  2133 | D:4      | Reached XP level 6. HP: 39/39 MP: 6/6
  2166 | D:4      | Found Moveits's Antique Weapon Shop.
  2224 | D:4      | Found Ocaudibb's Antique Armour Shop.
  2276 | D:4      | Found a staircase to the Ecumenical Temple.
  2301 | Temple   | Entered the Ecumenical Temple
  2430 | Temple   | Became a worshipper of Warmaster Okawaru
  2431 | Temple   | Upgraded the game from 0.30-a0-672-gc3a7216ad8 to
                  | 0.30-a0-696-g2367cd04db
  2741 | D:4      | Noticed Natasha
  2745 | D:4      | Killed Natasha
  2803 | D:4      | Noticed Natasha
  2810 | D:4      | Killed Natasha
  2811 | D:4      | Reached skill level 5 in Armour
  2811 | D:4      | Reached skill level 5 in Shields
  2824 | D:4      | Found Vopuempo's Jewellery Emporium.
  2881 | D:4      | Found Qaichof's Armour Shop.
  2886 | D:4      | Reached skill level 5 in Fighting
  2886 | D:4      | Reached XP level 7. HP: 39/44 MP: 7/7
  3080 | D:5      | Entered Level 5 of the Dungeon
  3185 | D:5      | Reached * piety under Okawaru
  3378 | D:5      | Noticed Edmund
  3383 | D:5      | Reached XP level 8. HP: 49/51 MP: 8/8
  3392 | D:5      | Killed Edmund
  3663 | D:5      | Got Fyeqes Wuih's Tome of the Chill
  4079 | D:6      | Reached ** piety under Okawaru
  4082 | D:6      | Found a sparkling altar of Nemelex Xobeh.
  4294 | D:6      | Found a runed translucent door.
  4295 | D:6      | Noticed soul19's ghost (novice TrFi)
  4378 | D:6      | Reached XP level 9. HP: 56/56 MP: 9/9
  4645 | D:6      | Reached *** piety under Okawaru
  4777 | D:6      | Found a runed translucent door.
  4778 | D:6      | Noticed Crazy Yiuf
  4784 | D:6      | Killed Crazy Yiuf
  4885 | D:6      | Reached skill level 5 in Long Blades
  4904 | D:6      | Killed soul19's ghost
  5138 | D:7      | Noticed Duvessa
  5139 | D:7      | Noticed Dowan
  5148 | D:7      | Killed Duvessa
  5149 | D:7      | Killed Dowan
  5190 | D:7      | Noticed a two-headed ogre
  5198 | D:7      | Killed a two-headed ogre
  5199 | D:7      | Reached XP level 10. HP: 45/65 MP: 7/10
  5462 | D:7      | Reached **** piety under Okawaru
  6168 | D:8      | Noticed Joseph
  6178 | D:8      | Noticed Maggie
  6207 | D:8      | Killed Maggie
  6207 | D:8      | Killed by an exploding wight... ignited by their inner
                  | flame

Illustrated notes

Levels and vault maps discovered:
D:1:      ncdulo_halloftheorcs, layout_basic,
          dilly_ecumenical_altar_fadedgnrine, minmay_misc_feat_encased,
          serial_bayou_pond_e, hangedman_feature_mirror
D:2:      layout_rooms, minmay_distorted
D:3:      layout_rooms, nicolae_overflow_hidden_temple, serial_curves,
          eino_curves_03, eino_curves_03, uniq_terence
D:4:      layout_rooms, minmay_temple_entry_waves, serial_shops,
          nicolae_take_the_stairs, nicolae_shop_statue_plus,
          kennysheep_little_box, nicolae_shop_crystal, uniq_natasha
D:5:      layout_basic, uniq_edmund
D:6:      layout_basic, nemelex_dance_club_becter, ebering_ghost_sewer_d,
          uniq_crazy_yiuf_cottage
D:7:      layout_gridville, eino_jars, uniq_duvessa
D:8:      layout_basic, lemuel_zombie_altar_yredelemnul, uniq_erica,
          uniq_maggie, uniq_psyche, uniq_joseph
Temple:   minmay_crystal_spiral_temple

Skill      XL: |  1  2  3  4  5  6  7  8  9 10 |
---------------+-------------------------------+-----
Armour         | 4 5 6 8 9 |  9.1
Fighting       | 4 5 6 8 9 |  9.1
Shields        | 4 5 6 8 9 |  9.1
Long Blades    | 1 2 3 4 6 |  6.6
Maces & Flails | |  2.8

Action                   |  1- 3 |  4- 6 |  7- 9 | 10-12 || total
-------------------------+-------+-------+-------+-------++-------
Melee: Flail             |   126 |     2 |       |       ||   128
       Long sword        |       |    78 |   179 |   110 ||   367
Invok: Heroism           |       |       |     3 |     2 ||     5
  Use: Scroll            |       |       |       |     9 ||     9
       Potion            |       |       |       |     2 ||     2
Armor: Scale mail        |     6 |       |       |       ||     6
       Chain mail        |    90 |    38 |    99 |   129 ||   356
Dodge: Dodged            |    50 |    27 |    71 |    91 ||   239
Block: Buckler           |    35 |    11 |    39 |    52 ||   137

Table legend: (Time is in decaauts)
 A = Elapsed time spent in this place.
 B = Non-inter-level travel time spent in this place.
 C = Inter-level travel time spent in this place.
 D = Time resting spent in this place.
 E = Time spent auto-exploring this place.
 F = Levels seen in this place.
 G = Mean time per level.
                   A        B        C        D        E       F      G
               +--------+--------+--------+--------+--------+-----+--------+
         Total |   6338 |   5941 |    397 |    555 |   4135 |   9 |  704.2 |
       Dungeon |   6122 |   5811 |    311 |    555 |   4023 |   8 |  765.2 |
        Temple |    216 |    130 |     86 |      0 |    112 |   1 |  216.0 |
               +--------+--------+--------+--------+--------+-----+--------+

Top non-repeatable levels by time:
     D:6: 1145 daAuts
     D:7: 977 daAuts
     D:4: 892 daAuts
     D:5: 884 daAuts
     D:1: 799 daAuts
     D:3: 718 daAuts
     D:2: 564 daAuts
  Temple: 216 daAuts
     D:8: 141 daAuts
